 Dungeon Crawl Stone Soup version bcrawl-1.21.2-28-g2cb1824106 (webtiles) character file.

Game seed: 6695294903158941314

8535 Artagas the Fighter (level 11, 0/72 HPs)
             Began as a Gargoyle Fighter on Mar 18, 2020.
             Was a High Priest of Okawaru.
             Slain by a polar bear (19 damage)
             ... on level 2 of the Lair of Beasts.
             The game lasted 00:21:33 (12119 turns).

Artagas the Fighter (Gargoyle Fighter)             Turns: 12119, Time: 00:21:34

Health: 0/72       AC: 20    Str: 27    XL:     11   Next: 32%
Magic:  15/15      EV:  8    Int: 10    God:    Okawaru [*****.]
Gold:   763        SH: 11    Dex:  9    Spells: 10/10 levels left

rFire    . . .     SeeInvis .   a - +1 war axe
rCold    . . .     Gourm    .   x - +0 medium shield
rNeg     + . .     Faith    .   C - +0 scale mail
rPois    ∞         Spirit   .   o - +0 helmet
rElec    +         Reflect  .   (no cloak)
rCorr    .         Harm     .   D - +0 pair of gloves
MR       .....                  (no boots)
Stlth    ..........             (no amulet)
HPRegen  0.22/turn              m - +5 ring of strength
MPRegen  0.14/turn              p - +2 ring of protection

@: no status effects
A: negative energy resistance 1, electricity resistance, unbreathing,
petrification resistance, rot immunity, AC +8
a: Heroism, Finesse, Renounce Religion


You were on level 2 of the Lair of Beasts.
You worshipped Okawaru.
Okawaru was extremely pleased with you.
You were near starving.

You visited 2 branches of the dungeon, and saw 10 of its levels.

You collected 763 gold pieces.

Inventory:

Hand Weapons
 a - a +1 war axe (weapon)
 b - a +0 morningstar
   (You took it off an orc on level 5 of the Dungeon)
Missiles
 f - 137 tomahawks (quivered)
Armour
 o - a +0 helmet (worn)
   (You found it on level 3 of the Dungeon)
 x - a +0 medium shield (worn)
 C - a +0 scale mail (worn)
 D - a +0 pair of gloves (worn)
   (You found it on level 8 of the Dungeon)
Jewellery
 c - an uncursed ring of protection from cold
   (You found it on level 7 of the Dungeon)
 m - a +5 ring of strength (left hand)
   (You found it on level 7 of the Dungeon)
 p - a +2 ring of protection (right hand)
   (You found it on level 5 of the Dungeon)
 B - a +5 ring of intelligence
   (You found it on level 2 of the Dungeon)
Wands
 d - a wand of enslavement (8)
   (You found it on level 4 of the Dungeon)
 v - a wand of flame (13)
   (You found it on level 6 of the Dungeon)
 y - a wand of acid (1)
   (You found it on level 7 of the Dungeon)
Scrolls
 g - 3 scrolls of amnesia
 j - a scroll of enchant weapon
 k - a scroll of enchant armour
 l - 2 scrolls of fear
 r - a scroll of summoning {unknown}
 t - 4 scrolls of teleportation
 z - a scroll of noise
 A - 6 scrolls of remove curse
 E - a scroll of magic mapping
Potions
 h - 2 potions of mutation
 i - a potion of brilliance
 n - a potion of resistance
 q - 3 potions of curing
 s - 2 potions of agility
 u - 3 potions of flight
 w - a potion of heal wounds
Comestibles
 e - 10 rations {!d}


   Skills:
 + Level 10.3 Fighting
 + Level 9.1 Axes
 + Level 8.0 Armour
 - Level 7.1 Shields
 - Level 6.0 Invocations
 + Level 3.9 Evocations


You had 10 spell levels left.
You didn't know any spells.
Your spell library contained the following spells:

 Spells                   Type           Power        Failure   Level  Hunger
 Flame Tongue             Conj/Fire      #....        91%         1    ##.....
 Shock                    Conj/Air       #....        91%         1    ##.....
 Flaming Arrows           Chrm/Fire      #.......     97%         2    ###....
 Swiftness                Chrm/Air       #.......     97%         2    ###....
 Conjure Flame            Conj/Fire      #.......     99%         3    ####...
 Inner Flame              Hex/Fire       N/A          99%         3    ####...
 Static Discharge         Air            #.......     99%         3    ####...
 Airstrike                Air            #.........   100%        4    #####..
 Sticky Flame             Conj/Fire      #.......     100%        4    #####..
 Fireball                 Conj/Fire      #.........   100%        5    ######.
 Lightning Bolt           Conj/Air       #.........   100%        5    ######.


Dungeon Overview and Level Annotations

Branches:
Dungeon (8/12)             Temple (0/1) D:5            Lair (2/6) D:7
  Swamp: Lair:2-4    Shoals: Lair:2-4     Snake: Lair:2-4    Spider: Lair:2-4
    Orc: D:8-11

Altars:
Ashenzari
Dithmenos
Elyvilon
Fedhas
Gozag
Hepliaklqana
Lugonu
Makhleb
Nemelex Xobeh
Okawaru
Trog
Uskayaw
Xom
The Shining One

Annotations:
D:2 1 runed door


Innate Abilities, Weirdness & Mutations

You are resistant to torment.
Your stone body is resilient. (AC +8)
You are immune to poison.
You resist negative energy. (rN+)
You are resistant to electric shocks. (rElec)
You can survive without breathing.
You are immune to petrification.
You are immune to rotting.


Message History

You slash the fungus! The polar bear bites you.
The polar bear claws you but does no damage. x2
You hit the polar bear.
The polar bear is heavily wounded.
You slash the fungus!
The polar bear bites you but does no damage.
You block the polar bear's attack. The polar bear barely misses you.
You hit the polar bear.
The polar bear is severely wounded.
You hit the fungus. The polar bear bites you.
You block the polar bear's attack. x2
You completely miss the polar bear.
The polar bear is severely wounded.
You hit the fungus.
You destroy the fungus!
You block the polar bear's attack.
The polar bear claws you but does no damage.
The polar bear closely misses you. The polar bear barely misses you. x2
The polar bear claws you but does no damage.
Your shield and scale mail prevent you from hitting the polar bear.
The polar bear is severely wounded.
The polar bear bites you but does no damage.
You block the polar bear's attack.
The polar bear claws you but does no damage.
You are near starving!
You barely miss the polar bear.
The polar bear is severely wounded.
The polar bear bites you but does no damage.
The polar bear completely misses you. You block the polar bear's attack.
You hit the polar bear but do no damage.
The polar bear is severely wounded.
The polar bear bites you but does no damage.
You block the polar bear's attack. The polar bear barely misses you.
You closely miss the polar bear.
The polar bear is severely wounded.
You block the polar bear's attack.
The polar bear claws you but does no damage. x2
You closely miss the polar bear.
The polar bear is severely wounded.
The polar bear closely misses you.
The polar bear claws you but does no damage. x2
You hit the polar bear.
The polar bear is severely wounded.
The polar bear bites you but does no damage.
You block the polar bear's attack.
The polar bear claws you but does no damage.
You hit the polar bear.
The polar bear is almost dead.
The polar bear bites you!
The polar bear claws you but does no damage.
You block the polar bear's attack.
You closely miss the polar bear.
The polar bear is almost dead.
The polar bear goes berserk!
You hit the polar bear.
The polar bear is almost dead.
The polar bear bites you. The polar bear closely misses you.
You block the polar bear's attack. x2; The polar bear closely misses you.
You block the polar bear's attack.
Your shield and scale mail prevent you from hitting the polar bear.
The polar bear is almost dead.
You block the polar bear's attack.
The polar bear claws you but does no damage. x2
The polar bear closely misses you. You block the polar bear's attack. x2
You hit the polar bear.
The polar bear is almost dead.
The polar bear barely misses you. You block the polar bear's attack.
The polar bear claws you but does no damage.
You hit the polar bear but do no damage.
The polar bear is almost dead.
You block the polar bear's attack. x2
The polar bear claws you but does no damage.
The polar bear bites you. The polar bear claws you.
The polar bear claws you but does no damage.
You barely miss the polar bear.
The polar bear is almost dead.
You block the polar bear's attack. The polar bear claws you.
You block the polar bear's attack.
You barely miss the polar bear.
The polar bear is almost dead.
You block the polar bear's attack. x3; The polar bear bites you!
The polar bear barely misses you. You block the polar bear's attack.
You hit the polar bear.
The polar bear is almost dead.
The polar bear bites you! You block the polar bear's attack.
The polar bear barely misses you. You block the polar bear's attack.
The polar bear closely misses you.
The polar bear claws you but does no damage.
You completely miss the polar bear.
The polar bear is almost dead.
The polar bear bites you!!
* * * LOW HITPOINT WARNING * * *
The polar bear claws you but does no damage.
You block the polar bear's attack.
The polar bear bites you but does no damage.
The polar bear closely misses you. The polar bear claws you.
* * * LOW HITPOINT WARNING * * *
Okay, then.
You feel much better. The polar bear bites you!!
You die...

##### ....# #### #
#.#.#####..##
...#.#........#
#..#.#..##..##
#......##..#
##...@###..#
#.P.##h# ##.##
.... #.. #..# #.#
...###.## .
..###..###########
...#
##..##†......#
.#..
#....<.......#
###.#
#P#.#.P###.#..
######## #


You could see a polar bear (berserk).

Vanquished Creatures
  A hydra (Lair:1)
  A cyclops (D:7)
  A cane toad (Lair:1)
  4 trolls
  Grinder (D:4)
  2 hippogriffs (Lair:1)
  5 yaks (D:8)
  A spriggan (D:7)
  Eustachio (D:4)
  A hungry ghost (D:8)
  2 wargs
  3 crocodiles (Lair:1)
  6 water moccasins
  4 orc warriors
  2 ogres
  A necrophage (D:5)
  4 centaurs
  5 wolves (Lair:1)
  3 bullfrogs
  A gnoll sergeant (D:8)
  A wyvern zombie (D:8)
  A water moccasin skeleton (D:5)
  3 scorpions
  A wight (D:5)
  6 howler monkeys
  4 crimson imps
  A centaur skeleton (D:8)
  3 jellies
  3 hounds
  A bullfrog skeleton (D:8)
  4 orc priests
  5 orc wizards
  Terence (D:3)
  5 worker ants
  Natasha (thrice) (D:3)
  2 hound skeletons
  A hound zombie (D:6)
  7 gnolls
  11 adders
  4 shadow imps
  An ooze (D:6)
  An adder zombie (D:5)
  A worm (D:4)
  2 dart slugs
  6 leopard geckos
  22 orcs
  4 giant cockroaches
  7 goblins
  4 hobgoblins
  12 jackals
  2 quokkas
  3 ball pythons
  7 bats
  3 frilled lizards
  A jackal skeleton (D:5)
  5 kobolds
  5 rats
  A fungus (Lair:2)
203 creatures vanquished.

Vanquished Creatures (others)
  A wizard (D:8)
1 creature vanquished.

Grand Total: 204 creatures vanquished

Notes
Turn   | Place    | Note
-------+----------+-------------------------------------------
     0 | D:1      | Artagas the Gargoyle Fighter began the quest for the Orb.
     0 | D:1      | Reached XP level 1. HP: 14/14 MP: 1/1
    82 | D:1      | Reached skill level 2 in Axes
   185 | D:1      | Reached XP level 2. HP: 19/19 MP: 2/2
   761 | D:1      | Reached XP level 3. HP: 24/24 MP: 3/3
   766 | D:1      | Reached skill level 4 in Fighting
   884 | D:2      | Found a runed door.
  1113 | D:2      | Found an opulent altar of Gozag.
  1113 | D:2      | Found a sparkling altar of Nemelex Xobeh.
  1168 | D:2      | Reached skill level 3 in Axes
  1168 | D:2      | Reached XP level 4. HP: 27/30 MP: 4/4
  1707 | D:3      | Noticed Terence
  1728 | D:3      | Reached XP level 5. HP: 25/34 MP: 5/5
  1746 | D:3      | Killed Terence
  1746 | D:3      | Reached skill level 5 in Fighting
  1859 | D:3      | Noticed Natasha
  1867 | D:3      | Killed Natasha
  1995 | D:3      | Reached skill level 4 in Axes
  1995 | D:3      | Reached XP level 6. HP: 37/40 MP: 6/6
  2136 | D:3      | Noticed Natasha
  2148 | D:3      | Killed Natasha
  2325 | D:3      | Found an iron altar of Okawaru.
  2379 | D:3      | Became a worshipper of Warmaster Okawaru
  2429 | D:3      | Noticed Natasha
  2449 | D:3      | Killed Natasha
  2449 | D:3      | Reached skill level 6 in Fighting
  2659 | D:3      | Noticed Grinder
  2989 | D:4      | Noticed Eustachio
  3013 | D:4      | Killed Eustachio
  3013 | D:4      | Reached XP level 7. HP: 37/47 MP: 7/7
  3137 | D:4      | Reached skill level 5 in Axes
  3173 | D:4      | Found a blossoming altar of Fedhas.
  3202 | D:4      | Found a shattered altar of Ashenzari.
  3205 | D:4      | Found a hazy altar of Hepliaklqana.
  3208 | D:4      | Found a glowing golden altar of the Shining One.
  3611 | D:4      | Reached * piety under Okawaru
  3611 | D:4      | Reached skill level 7 in Fighting
  3711 | D:4      | Killed Grinder
  3711 | D:4      | Reached XP level 8. HP: 24/53 MP: 8/8
  4265 | D:4      | Found a corrupted altar of Lugonu.
  4289 | D:5      | Entered Level 5 of the Dungeon
  4319 | D:5      | Reached skill level 6 in Axes
  4523 | D:5      | Reached skill level 8 in Fighting
  4529 | D:5      | Reached ** piety under Okawaru
  5232 | D:5      | Got a flickering platinum ring
  5449 | D:5      | Found a staircase to the Ecumenical Temple.
  5567 | D:5      | Noticed a troll
  5573 | D:5      | Killed a troll
  5573 | D:5      | Reached skill level 9 in Fighting
  5573 | D:5      | Reached skill level 7 in Axes
  5751 | D:5      | Found a shadowy altar of Dithmenos.
  5751 | D:5      | Found a burning altar of Makhleb.
  5757 | D:5      | Found a white marble altar of Elyvilon.
  5759 | D:5      | Found a shimmering altar of Xom.
  5760 | D:5      | Found a hide-covered altar of Uskayaw.
  6106 | D:6      | Reached XP level 9. HP: 50/60 MP: 7/9
  6106 | D:6      | Reached skill level 8 in Axes
  6456 | D:6      | Reached skill level 1 in Invocations
  6898 | D:6      | Identified the ring of Conversion {rElec rPois Stlth-} (You
                  | found it on level 5 of the Dungeon)
  7181 | D:7      | Found a staircase to the Lair.
  7183 | D:7      | Reached skill level 4 in Shields
  7192 | D:6      | Reached skill level 4 in Armour
  7192 | D:6      | Reached skill level 2 in Invocations
  7401 | D:7      | Noticed a troll
  7679 | D:7      | Noticed a cyclops
  7692 | D:7      | Killed a cyclops
  7692 | D:7      | Reached *** piety under Okawaru
  7692 | D:7      | Reached skill level 5 in Armour
  7692 | D:7      | Reached skill level 5 in Shields
  7692 | D:7      | Reached skill level 3 in Invocations
  7880 | D:7      | Reached skill level 4 in Invocations
  7969 | D:7      | Killed a troll
  7969 | D:7      | Reached skill level 6 in Armour
  7992 | D:7      | Reached skill level 5 in Invocations
  7992 | D:7      | Reached XP level 10. HP: 62/66 MP: 13/13
  8093 | D:7      | Reached skill level 1 in Evocations
  8262 | D:7      | Reached **** piety under Okawaru
  8564 | Lair:1   | Entered Level 1 of the Lair of Beasts
  8564 | Lair:1   | Noticed a cane toad
  8580 | Lair:1   | Killed a cane toad
  9118 | Lair:1   | Reached skill level 2 in Evocations
  9186 | Lair:1   | Reached skill level 6 in Invocations
  9190 | Lair:1   | Reached skill level 7 in Armour
  9192 | Lair:1   | Reached skill level 6 in Shields
  9871 | Lair:1   | Noticed a six-headed hydra
 10033 | D:8      | Reached ***** piety under Okawaru
 10039 | D:8      | Reached skill level 3 in Evocations
 10134 | D:8      | Reached XP level 11. HP: 64/72 MP: 13/15
 10155 | D:8      | Reached skill level 10 in Fighting
 10845 | D:8      | Found a bloodstained altar of Trog.
 10846 | D:8      | Noticed a wizard
 10852 | D:8      | Killed a wizard
 11218 | D:8      | Reached skill level 9 in Axes
 11482 | Lair:1   | Killed a six-headed hydra
 11482 | Lair:1   | Reached skill level 8 in Armour
 11482 | Lair:1   | Reached skill level 7 in Shields
 12118 | Lair:2   | HP: 2/72 [polar bear (22)]
 12119 | Lair:2   | Slain by a polar bear

Skill      XL: |  1  2  3  4  5  6  7  8  9 10 11 |
---------------+----------------------------------+-----
Axes           | 2 3 4 5 7 8 9 |  9.1
Fighting       | 4 5 6 7 9 10 | 10.3
Invocations    | 5 6 |  6.0
Shields        | 5 6 7 |  7.1
Armour         | 6 7 8 |  8.0
Evocations     | 3 |  3.9

Action                   |  1- 3 |  4- 6 |  7- 9 | 10-12 || total
-------------------------+-------+-------+-------+-------++-------
Melee: War axe           |   116 |   179 |   287 |   345 ||   927
       Morningstar       |       |       |       |    14 ||    14
Invok: Heroism           |       |       |     6 |     5 ||    11
Evoke: Wand              |       |       |     3 |       ||     3
  Use: Scroll            |       |     4 |     7 |     7 ||    18
       Potion            |       |       |     2 |     1 ||     3
  Eat: Chunk             |     1 |     5 |    12 |    10 ||    28
       Ration            |       |       |     1 |     2 ||     3
Armor: Scale mail        |    97 |   121 |   148 |   222 ||   588
Dodge: Dodged            |    44 |    76 |    96 |   158 ||   374
Block: Medium shield     |    71 |   125 |   131 |   271 ||   598

Levels and vault maps discovered:
D:1:      elethiomel_arrival_quiet, layout_basic
D:2:      layout_loops_cross, grunt_temple_overflow_opulence,
          uniq_crazy_yiuf_cottage
D:3:      layout_loops_ring, first_ration, okawaru_altar_gauntlet_db,
          uniq_terence, uniq_grinder, uniq_natasha
D:4:      layout_basic, marbit_many_paths, grunt_temple_overflow_cloverleaf,
          uniq_eustachio
D:5:      minmay_angry_zag, layout_loops_cross,
          chequers_temple_overflow_minitemple, minmay_temple_entry_large_hall
D:6:      layout_gridville
D:7:      layout_cave_pools, kennysheep_mini_moat, erik_lair_orcish_takeover,
          the_bakery
D:8:      layout_cave_pods, kennysheep_cross_bottleneck, trog_wizard
Lair:1:   layout_long_grid, serial_bayou_shore_b
Lair:2:   layout_loops_ring, serial_bayou_shore_b

Table legend:
 A = Turns spent in this place as a percentage of turns spent in the entire game.
 B = Non-inter-level travel turns spent in this place as a percentage of non-inter-level travel turns spent in the entire game.
 C = Inter-level travel turns spent in this place as a percentage of turns spent in this place.
 D = Turns resting spent in this place as a percentage of non-inter-level travel turns spent in this place.
 E = Turns spent auto-exploring this place as a percentage of non-inter-level travel turns spent in this place.
 F = Non-inter-level travel turns spent in this place divided by the number of levels of this place that you've seen.
                   A       B       C       D       E      F
               +-------+-------+-------+-------+-------+----------------------
         Total | 100.0 | 100.0 |   4.4 |  24.9 |  59.8 | 1158.3
       Dungeon |  83.6 |  83.0 |   5.1 |  22.1 |  62.2 | 1201.5
          Lair |  16.4 |  17.0 |   1.1 |  38.8 |  47.9 | 985.5
               +-------+-------+-------+-------+-------+----------------------

Table legend:
 A = Kills in this place as a percentage of kills in entire the game.
 B = Kills by you in this place as a percentage of kills by you in the entire game.
 C = Kills by friends in this place as a percentage of kills by friends in the entire game.
 D = Other kills in this place as a percentage of other kills in the entire game.
 E = Experience gained in this place as a percentage of experience gained in the entire game.
 F = Experience gained in this place divided by the number of levels of this place that you have seen.
                   A       B       C       D       E      F
               +-------+-------+-------+-------+-------+----------------------
         Total | 100.0 | 100.0 |   N/A |   N/A | 100.0 | 1219.4
       Dungeon |  91.1 |  91.1 |   N/A |   N/A |  68.6 | 1045.9
          Lair |   8.9 |   8.9 |   N/A |   N/A |  31.4 | 1913.5
               +-------+-------+-------+-------+-------+----------------------
